AoeStats
← O salteador de ovelhas

Nomad

505435193Analyzed
2v2 RM · 22d ago on Sep 9, 2026· 32m 29s· 4 players
Game mode
Random Map
Map size
176×176
Population
200
Speed
Normal
Resources
Standard
Victory
Conquest
Starting age
Dark Age
Ending age
Imperial Age
RankedLock teamsTeams togetherTeam positionsShared explorationLock speedFull tech treeHidden civsTurbo modeCheats
Victory
Defeat
🇵🇹 Wu · Portugal
1047
+12
🇵🇹 Japanese · Portugal
1031
+13
🇹🇼 Japanese · Taiwan
975
-13
🇹🇼 Dravidians · Taiwan
956
-12
shulin60111
8:18 Loom
13:44 Feudal Age
20:19 Double-Bit Axe
20:17 Horse Collar
25:24 Castle Age
24:24 Fletching
26:19 Wheelbarrow
fugo53419
13:42 Feudal Age
20:26 Castle Age
19:06 Double-Bit Axe
19:03 Horse Collar
26:01 Fletching
O salteador de ovelhas
4:41 Loom
14:33 Feudal Age
16:13 Fishing Lines
18:45 Wheelbarrow
21:31 Castle Age
21:33 Gold Mining
21:33 Stone Mining
21:31 Double-Bit Axe
22:05 Town Watch
22:14 Demolition Ship
23:13 Medium Warships
22:57 Gillnets
24:45 Hand Cart
24:30 Town Patrol
27:49 Gold Shaft Mining
27:49 Stone Shaft Mining
27:48 Scale Barding Armor
31:45 Chain Barding Armor
31:26 Scale Mail Armor
32:58 Bow Saw
Kingping
4:07 Loom
14:39 Feudal Age
16:06 Double-Bit Axe
20:49 Castle Age
18:56 Fletching
20:39 Padded Archer Armor
24:09 Town Watch
26:25 Wheelbarrow
27:35 Thumb Ring
27:42 Elite Skirmisher
32:29 Bodkin Arrow
Connection lost

Rejoining the realm…

Still unreachable

The connection could not be restored.

Session expired

The server has moved on; the page needs a fresh start.